 Dungeon Crawl Stone Soup version 0.29.1-15-g9cfb28693d (webtiles) character file.

Game seed: 13416376722188546580

8177 skairaider the Severer (level 11, -17/84 HPs)
             Began as a Minotaur Fighter on Mar 10, 2023.
             Shot with a bolt by an orc warlord (26 damage)
             ... on level 1 of the Orcish Mines.
             The game lasted 00:46:09 (13037 turns).

skairaider the Severer (Minotaur Fighter)          Turns: 13037, Time: 00:46:11

Health: -17/84     AC: 19    Str: 27    XL:     11   Next: 6%
Magic:  10/10      EV: 11    Int:  5    God:
Gold:   1058       SH:  0    Dex: 10    Spells: 10/10 levels left

rFire   . . .      SeeInvis +   F - +10 executioner's axe "Udghax" {flame, Str+2 SInv}
rCold   . . .      Faith    .   (shield currently unavailable)
rNeg    . . .      Spirit   .   x - +2 plate armour {Will+}
rPois   .          Reflect  .   g - +1 hat
rElec   .          Harm     .   H - +0 cloak
rCorr   .          Rampage  .   (no gloves)
Will    +....                   (no boots)
Stlth   ..........              (no amulet)
HPRegen 0.24/turn               h - +4 ring of evasion
MPRegen 0.12/turn               s - +4 ring of protection

@: no status effects
A: horns 2, retaliatory headbutt
a: no special abilities


You were on level 1 of the Orcish Mines.
You visited 2 branches of the dungeon, and saw 10 of its levels.
You also visited: Ossuary.

You collected 1500 gold pieces.
You spent 442 gold pieces at shops.

Inventory:

Hand Weapons
 a - a +3 spectral war axe
 o - a +5 vampiric broad axe
 F - the +10 executioner's axe "Udghax" (weapon) {flame, Str+2 SInv}
   (You acquired it on level 7 of the Dungeon)

   It burns those it strikes, dealing additional fire damage.
   Big, fiery blades are also staple armaments of hydra-hunters.
   Str:       It affects your strength (+2).
   SInv:      It lets you see invisible.
Missiles
 q - 23 poisoned darts (quivered)
 G - 2 atropa-tipped darts
Armour
 c - a +0 buckler
 g - a +1 hat (worn)
 n - a +3 scale mail of cold resistance
 x - a +2 plate armour of willpower (worn)
 H - a +0 cloak (worn)
Jewellery
 h - a +4 ring of evasion (left hand)
 s - a +4 ring of protection (right hand)
 y - a ring of flight
Wands
 D - a wand of paralysis (3)
 I - a wand of roots (3)
 J - a wand of mindburst (8)
Scrolls
 b - 2 scrolls of teleportation
 l - a scroll of fog
 A - a scroll of fear
 C - 2 scrolls of amnesia
 E - 2 scrolls of magic mapping
Potions
 f - 2 potions of haste
 j - 2 potions of ambrosia {unknown}
 k - a potion of resistance {unknown}
 p - 2 potions of heal wounds {unknown}
 t - a potion of invisibility {unknown}
 u - a potion of attraction {unknown}
 v - 2 potions of curing
 w - 4 potions of berserk rage
 z - a potion of mutation {unknown}
 B - 2 potions of lignification {unknown}


   Skills:
 - Level 4.0 Fighting
 + Level 19.6 Axes
 - Level 4.0 Armour
 - Level 4.0 Shields


You had 10 spell levels left.
You didn't know any spells.
Your spell library contained the following spells:

 Spells                   Type           Power      Damage    Failure   Level
 Dazzling Flash           Conj/Hex       0%         N/A       100%        3
 Inner Flame              Hex/Fire       0%         N/A       100%        3
 Portal Projectile        Hex/Tloc       0%         N/A       100%        3
 Tukima's Dance           Hex            0%         N/A       100%        3
 Cause Fear               Hex            0%         N/A       100%        4
 Iskenderun's Mystic Bla  Conj/Tloc      0%         2d3       100%        4
 Blade Hands              Tmut           0%         N/A       100%        5
 Starburst                Conj/Fire      0%         6d3       100%        6
 Discord                  Hex            0%         N/A       100%        8


Dungeon Overview and Level Annotations

Branches:
Dungeon (9/15)             Temple (0/1) D:5             Orc (1/2) D:9
Ossuary (visited)
   Lair: D:8-11

Altars:
Gozag
Qazlal
Vehumet
Xom

Shops:
D:1 !   D:2 =*[*=   D:5 *   D:9 ([   Orc:1 (


Innate Abilities, Weirdness & Mutations

You have a pair of horns on your head.
You reflexively headbutt those who attack you in melee.


Message History

You start waiting.
Done waiting.
You now have 1058 gold pieces (gained 72).
Things that are here:
a +0 leather armour; a +0 falchion
There is a staircase to the Orcish Mines here.
You climb downwards.
Welcome back to the Orcish Mines!
The orc warlord roars a battlecry!
The orcs go into a battle-frenzy!
The troll barely misses you. The troll claws you but does no damage.
The troll claws you.
The orc warlord shoots a bolt.
The bolt hits you but does no damage.
A warg comes into view.
The warg howls!
There is a staircase back to the Dungeon, spattered with blood here.
You slash the troll! You burn the troll. Your headbutt misses the troll.
The troll is moderately wounded.
The troll bites you. The troll closely misses you. The troll claws you.
The orc warlord shoots a bolt.
The bolt hits you!!
You closely miss the troll. Your headbutt misses the troll.
The troll is moderately wounded.
The warg pauses to sniff the ground.
The troll bites you but does no damage. The troll barely misses you.
The troll closely misses you.
The orc knight shoots a bolt.
The bolt completely misses you.
You slash the troll! You burn the troll.
The troll is heavily wounded.
The troll bites you but does no damage. The troll claws you but does no damage.
The troll closely misses you.
The orc warlord shoots a bolt.
The bolt hits you!!
* * * LOW HITPOINT WARNING * * *
The orc knight roars a battlecry!
The orc warlord goes into a battle-frenzy!
The warg pauses to sniff the ground.
The troll bites you!
* * * LOW HITPOINT WARNING * * *
The troll closely misses you. The troll claws you but does no damage.
The orc wizard barely misses you. You furiously retaliate!
You headbutt the orc wizard.
The orc warlord shoots a bolt.
The bolt hits you!!
You die...

### ##.## #...#
####.## ##.##).##
#.......#
##)))...## ###
#.[∩[.[$.##..##...
##[#)##))@........
######.Too.......
#.....o.o....
##......h....
#.#...#oo....
..............
....#.......$..
...#.....#.#...


You could see an orc warlord (strong), an orc knight (strong), a troll, a warg,
an orc wizard (strong) and 3 orcs.

Vanquished Creatures
  An orc sorcerer (Orc:1)
  3 trolls
  2 hornets
  Sigmund (D:4)
  11 yaks (D:9)
  A wyvern (D:8)
  A warg (D:9)
  Menkaure (D:5)
  Edmund (D:4)
  A black bear (D:7)
  2 ice beasts
  7 orc warriors (Orc:1)
  A sky beast (D:6)
  3 ogres
  3 kobold brigands
  2 elf zombies (Ossuary)
  4 scorpions
  2 bullfrogs
  A gnoll sergeant (D:9)
  6 wights (D:8)
  23 killer bees
  A howler monkey (D:7)
  A crimson imp (D:9)
  A centaur zombie (Ossuary)
  A human zombie (Ossuary)
  2 hounds
  2 jellies
  6 orc priests
  A gnoll bouda (D:9)
  3 iguanas
  7 orc wizards
  3 mummies
  Robin (D:2)
  13 gnolls
  6 adders
  2 shadow imps
  A white imp (D:9)
  An ufetubus (D:7)
  3 adder zombies (Ossuary)
  A worm (D:5)
  2 dart slugs
  41 orcs
  7 bats
  7 endoplasms
  3 giant cockroaches
  13 goblins
  15 hobgoblins
  3 jackals (D:1)
  18 kobolds
  3 quokkas
  5 ball pythons
  4 frilled lizards
  A goblin zombie (Ossuary)
  10 hobgoblin zombies (Ossuary)
  8 kobold zombies (Ossuary)
  9 orc zombies (Ossuary)
  7 rats
  2 rat zombies (Ossuary)
  2 bushes (D:4)
293 creatures vanquished.

Vanquished Creatures (others)
  2 plants (D:4)
2 creatures vanquished.

Grand Total: 295 creatures vanquished

Notes
Turn   | Place    | Note
-------+----------+-------------------------------------------
     0 | D:1      | skairaider the Minotaur Fighter began the quest for the
                  | Orb.
     0 | D:1      | Reached XP level 1. HP: 19/19 MP: 0/0
    53 | D:1      | Found Puxymesm's Distillery.
   140 | D:1      | Reached XP level 2. HP: 27/27 MP: 1/1
   251 | D:1      | Found a faded altar of an unknown god.
   296 | D:1      | Reached skill level 3 in Axes
   469 | D:1      | Reached XP level 3. HP: 33/33 MP: 2/2
   846 | D:2      | Found Cefrew's Jewellery Boutique.
  1015 | D:2      | Reached skill level 4 in Axes
  1032 | D:2      | Found Bauthre's Assorted Antiques.
  1203 | D:2      | Noticed Robin
  1218 | D:2      | Killed Robin
  1219 | D:2      | Reached XP level 4. HP: 10/40 MP: 3/3
  1699 | D:2      | Found Pihycoij's Antique Armour Boutique.
  1705 | D:2      | Found Gufar's Assorted Antiques.
  1730 | D:2      | Found Seraitia's Jewellery Shoppe.
  2085 | D:2      | Found a shimmering altar of Xom.
  2380 | D:3      | Reached skill level 5 in Axes
  2585 | D:3      | Reached XP level 5. HP: 43/46 MP: 4/4
  2985 | D:3      | Reached skill level 6 in Axes
  3885 | D:4      | Found a radiant altar of Vehumet.
  4081 | D:4      | Reached skill level 7 in Axes
  4081 | D:4      | Reached XP level 6. HP: 45/52 MP: 5/5
  4490 | D:4      | Noticed Sigmund
  4503 | D:4      | Killed Sigmund
  4504 | D:4      | Reached skill level 8 in Axes
  4504 | D:4      | Reached XP level 7. HP: 55/59 MP: 6/6
  4712 | D:4      | Noticed Edmund
  4723 | D:4      | Killed Edmund
  4724 | D:4      | Reached skill level 9 in Axes
  5059 | D:5      | Entered Level 5 of the Dungeon
  5092 | D:5      | Found a sand-covered staircase.
  5107 | Ossuary  | Entered an ossuary
  5221 | Ossuary  | Reached skill level 10 in Axes
  5693 | D:5      | Reached skill level 11 in Axes
  5693 | D:5      | Reached XP level 8. HP: 63/66 MP: 7/7
  5711 | D:5      | Found a staircase to the Ecumenical Temple.
  5808 | D:5      | Noticed Menkaure
  5810 | D:5      | Identified a scroll of acquirement
  5813 | D:5      | Killed Menkaure
  5814 | D:5      | Acquired 796 gold pieces
  5869 | D:5      | Found Gozag's Platinum Reserve.
  6121 | D:2      | Bought a runed plate armour for 442 gold pieces
  6862 | D:5      | Found an opulent altar of Gozag.
  6943 | D:6      | Reached skill level 12 in Axes
  7018 | D:5      | Reached skill level 13 in Axes
  7418 | D:6      | Identified the +3 trident "Hydrabane" {vorpal, Dex+5}
  7953 | D:6      | Reached XP level 9. HP: 57/71 MP: 8/8
  8057 | D:7      | Acquired a +4 broad axe of flaming
  8070 | D:7      | Reached skill level 14 in Axes
  8129 | D:7      | Reached skill level 15 in Axes
  8862 | D:7      | Acquired the +10 executioner's axe "Udghax" {flame, Str+2
                  | SInv}
  9033 | D:7      | Identified the +2 leather armour "Urhaomm" {rElec rPois}
  9318 | D:8      | Reached skill level 16 in Axes
  9727 | D:8      | Reached XP level 10. HP: 78/78 MP: 9/9
 10051 | D:8      | Reached skill level 17 in Axes
 10834 | D:9      | Reached skill level 18 in Axes
 10840 | D:9      | Found a stormy altar of Qazlal.
 10863 | D:9      | Found Nogiwoxaesu's Weapon Emporium.
 10988 | D:9      | Found a staircase to the Orcish Mines.
 11279 | D:9      | Found Lucurime's Antique Armour Boutique.
 11713 | Orc:1    | Entered Level 1 of the Orcish Mines
 11713 | Orc:1    | Found Ynoj's Weapon Boutique.
 11733 | Orc:1    | Reached skill level 19 in Axes
 11739 | Orc:1    | Noticed an orc sorcerer
 11748 | Orc:1    | Killed an orc sorcerer
 11835 | Orc:1    | Reached XP level 11. HP: 25/84 MP: 10/10
 11989 | Orc:1    | Noticed an orc warlord
 12597 | Orc:1    | Noticed an orc knight
 13037 | Orc:1    | Shot with a bolt by an orc warlord

Illustrated notes

Levels and vault maps discovered:
D:1:      scummos_arrival_simple_fountains, layout_basic, serial_shops, shop,
          hellmonk_ecumenical_altar_inner_sanctum
D:2:      layout_loops_corners, basic_altar, serial_shops, shop,
          nicolae_diamond_shop, nicolae_shop_hallway_stairs, shop,
          nicolae_shop_behind_doors, uniq_robin
D:3:      layout_basic, minmay_cut_off
D:4:      layout_gridville, nicolae_vehumet_radiance, sigmund_edmund_badplayer
D:5:      layout_loops_ring, nicolae_gozag_zags_fifth_avenue,
          minmay_temple_entry_butterflies, gup_ossuary_entry_pyramid,
          grunt_decor_resistance, uniq_menkaure
D:6:      layout_cave_pools, minmay_stone_trees_small
D:7:      layout_basic
D:8:      layout_basic
D:9:      layout_loops_ring, mainiacjoe_overflow_chevrons, serial_shops, shop,
          nicolae_shop_competitors_out_of_business, minmay_fire_ice_demons
Orc:1:    layout_caves, serial_shops, shop

Skill      XL: |  1  2  3  4  5  6  7  8  9 10 |
---------------+-------------------------------+-----
Armour         | 4 |  4.0
Fighting       | 4 |  4.0
Shields        | 4 |  4.0
Axes           | 3 4 5 7 8 11 13 16 19 | 19.6

Action                   |  1- 3 |  4- 6 |  7- 9 | 10-12 || total
-------------------------+-------+-------+-------+-------++-------
Melee: War axe           |    91 |   153 |   158 |       ||   402
       Headbutt          |     7 |    35 |    32 |     8 ||    82
       Broad axe         |       |       |    50 |       ||    50
       Executioner's axe |       |       |    26 |   102 ||   128
Throw: Dart              |       |     5 |     1 |       ||     6
  Use: Scroll            |     5 |     5 |    18 |     2 ||    30
       Potion            |     1 |       |       |     3 ||     4
Armor: Scale mail        |    54 |    47 |    45 |       ||   146
       Plate armour      |       |       |    94 |    78 ||   172
Dodge: Dodged            |    52 |    80 |   141 |    81 ||   354
Block: Buckler           |    18 |    29 |    50 |       ||    97
